 Dungeon Crawl Stone Soup version 0.31-a0-1321-g5021b54cb2 (webtiles) character file.

Game seed: 3413422909802680240

60 RepHenryClay the Conjurer (level 3, -2/19 HPs)
             Began as a Deep Elf Alchemist on Dec 21, 2023.
             Slain by a gnoll
             ... wielding a +0 whip
              (5 damage)
             ... on level 3 of the Dungeon.
             The game lasted 00:02:59 (1924 turns).

RepHenryClay the Conjurer (Deep Elf Alchemist)      Turns: 1924, Time: 00:02:59

Health: -2/19      AC:  2    Str:  5    XL:     3   Next: 82%
Magic:  9/9        EV: 12    Int: 27    God:
Gold:   104        SH:  0    Dex: 15    Spells: 4/8 levels left

rFire   . . .        a - +2 mace (protect)
rCold   . . .        (no shield)
rNeg    . . .        n - +0 robe
rPois   .            (no helmet)
rElec   .            (no cloak)
rCorr   .            (no gloves)
SInv    .            (no boots)
Will    .....        (no amulet)
Stlth   ++           l - +6 ring of intelligence
HPRegen 0.23/turn    h - ring of flight
MPRegen 0.11/turn

%: no passive effects
@: brilliant, flying
A: no striking features
a: no special abilities


You were on level 3 of the Dungeon.
You visited 1 branch of the dungeon, and saw 3 of its levels.

You collected 104 gold pieces.

Inventory:

Hand Weapons
 a - a +2 mace of protection (weapon)
Armour
 n - a +0 robe (worn)
Jewellery
 h - a ring of flight (right hand)
 l - a +6 ring of intelligence (left hand)
Scrolls
 d - a scroll of poison {unknown}
 e - a scroll of brand weapon {unknown}
 f - a scroll of fog {unknown}
 j - 2 scrolls of identify {unknown}
 o - a scroll of fear {unknown}
Potions
 b - a potion of magic
 c - a potion of brilliance
 g - a potion of attraction {unknown}
 i - a potion of might {unknown}
 k - a potion of degeneration {unknown}
 m - a potion of heal wounds {unknown}


   Skills:
 - Level 2.4 Dodging
 - Level 2.4 Stealth
 - Level 3.0 Spellcasting
 + Level 4.2 Conjurations
 - Level 3.2 Alchemy


You had 4 spell levels left.
You knew the following spells:

 Your Spells              Type           Power      Damage    Failure   Level
a - Sting                 Conj/Alch      100%       1d9       1%          1
b - Mephitic Cloud        Conj/Alch/Air  26%        N/A       10%         3

Your spell library contained the following spells:

 Spells                   Type           Power      Damage    Failure   Level
 Mercury Vapours          Alch/Air       38%        N/A       7%          2
 Olgreb's Toxic Radiance  Alch           32%        N/A       22%         4
 Sticky Flame             Fire/Alch      19%        2d6       41%         4
 Freezing Cloud           Conj/Ice/Air   8%         6-21      80%         5


Dungeon Overview and Level Annotations

Branches:
Dungeon (3/15)

Altars:
Xom


Message History

You see here a throwing net.
A gnoll comes into view. It is wielding a +0 spear.
Casting: Sting (safe; 1% risk of failure)
Confirm with . or Enter, or press ? or * to list all spells.
Aiming: Sting (safe; 1% risk of failure)
Press: ? - help, Shift-Dir - straight line, f - gnoll
Aim: a gnoll, wielding a +0 whip (79% to hit)
The sting hits the gnoll.
The gnoll is poisoned.
The gnoll is lightly wounded.
The gnoll shouts!
The gnoll attacks as it pursues you! The gnoll completely misses you.
A gnoll comes into view. It is wielding a +0 spear.
The gnoll throws a throwing net.
The throwing net hits you.
You become entangled in the net!
You see here a throwing net.
You struggle against the net.
The gnoll barely misses you.
You struggle against the net.
The gnoll hits you with a +0 whip.
Damage: -15%(-3hp) hp: 85%(16hp)
You struggle against the net.
Unknown command.
You rip the net and break free!
The gnoll looks more healthy.
The gnoll closely misses you. The gnoll hits you with a +0 whip.
Damage: -11%(-2hp) hp: 74%(14hp)
The gnoll hits you with a +0 whip!
* * * LOW HITPOINT WARNING * * *
Huge Dmg: -37%(-7hp) hp: 37%(7hp) Welcome back, RepHenryClay the Deep Elf Alchemist.
Press ? for a list of commands and other information.
Cast which spell? (? or * to list)
Okay, then.
The gnoll attacks as it pursues you! The gnoll hits you with a +0 whip.
* * * LOW HITPOINT WARNING * * *
Huge Dmg: -21%(-4hp) hp: 16%(3hp) Welcome back, RepHenryClay the Deep Elf Alchemist.
Press ? for a list of commands and other information.
Okay, then.
It was a potion of brilliance.
You feel clever all of a sudden. The gnoll hits you with a +0 whip.
You die...

#......# #......#
#......# . #......#
..g #......###.
.....####.>........
.......g(#.#######.
.....###.#.#######
........g.gg@....#
.........#g#####.#
....#####.#
..........#
...######.######. .
............... .
..#####.######....
..................
.######...####....


You could see 4 gnolls.

Vanquished Creatures
  A gnoll (D:1)
  7 orcs (D:3)
  4 bats
  5 endoplasms
  3 giant cockroaches (D:1)
  A goblin (D:1)
  3 hobgoblins
  3 jackals (D:1)
  4 kobolds
  A quokka (D:2)
  A ball python (D:1)
  5 frilled lizards
  2 rats
40 creatures vanquished.

Notes
Turn   | Place    | Note
-------+----------+-------------------------------------------
     0 | D:1      | RepHenryClay the Deep Elf Alchemist began the quest for the
                  | Orb.
     0 | D:1      | Reached XP level 1. HP: 10/10 MP: 6/6
   155 | D:1      | Reached skill level 2 in Conjurations
   155 | D:1      | Reached XP level 2. HP: 15/15 MP: 4/8
   269 | D:1      | Reached skill level 3 in Conjurations
   633 | D:1      | You fall into a shaft and drop 1 floor!
   664 | D:1      | Reached XP level 3. HP: 19/19 MP: 6/9
  1008 | D:2      | Found a shimmering altar of Xom.
  1205 | D:2      | Found a faded altar of an unknown god.
  1780 | D:3      | Reached skill level 4 in Conjurations
  1896 | D:3      | Learned a level 3 spell: Mephitic Cloud
  1924 | D:3      | Slain by a gnoll

Illustrated notes

Levels and vault maps discovered:
D:1:      shiori_arrival_oz, layout_basic
D:2:      layout_loops_ring, shapermc_ecumenical_altar_mp_highgroup, basic_altar
D:3:      layout_basic, gammafunk_ghost_gnarly_gnolls,
          chequers_serial_rivers_micro_b

Skill      XL: |  1  2  3 |
---------------+----------+-----
Conjurations   | 2 3 4 |  4.2
Dodging        | |  2.4
Stealth        | |  2.4
Spellcasting   | |  3.0
Alchemy        | |  3.2

Action                     || total
---------------------------++-------
  Melee: Unarmed           ||    10
   Cast: Sting             ||    75
    Use: Potion            ||     1
 Armour: Robe              ||    19
  Dodge: Dodged            ||    29

Table legend: (Time is in decaauts)
 A = Elapsed time spent in this place.
 B = Non-inter-level travel time spent in this place.
 C = Inter-level travel time spent in this place.
 D = Time resting spent in this place.
 E = Time spent auto-exploring this place.
 F = Levels seen in this place.
 G = Mean time per level.
                   A        B        C        D        E       F      G
               +--------+--------+--------+--------+--------+-----+--------+
         Total |   1922 |   1875 |     47 |     71 |   1552 |   3 |  640.7 |
       Dungeon |   1922 |   1875 |     47 |     71 |   1552 |   3 |  640.7 |
               +--------+--------+--------+--------+--------+-----+--------+

Top non-repeatable levels by time:
     D:1: 880 daAuts
     D:2: 697 daAuts
     D:3: 344 daAuts
